 Dungeon Crawl Stone Soup version 0.19.0-19-g8c6edcc (webtiles) character file.

252 Minion the Chiller (level 5, -1/38 HPs)
             Began as a Draconian Ice Elementalist on Nov 12, 2016.
             Slain by an iguana (3 damage)
             ... on level 3 of the Dungeon.
             The game lasted 00:14:59 (5155 turns).

Minion the Chiller (Draconian Ice Elementalist)     Turns: 5155, Time: 00:15:00

Health: -1/38      AC:  5    Str: 10    XL:     5   Next: 89%
Magic:  1/11       EV: 12    Int: 16    God:
Gold:   131        SH:  0    Dex: 12    Spells: 1 memorised, 10 levels left

rFire  . . .     SeeInvis .     l - -3 flail (curse)
rCold  . . .     Gourm    .     (armour unavailable)
rNeg   . . .     Faith    .     (no shield)
rPois  .         Spirit   .     (helmet restricted)
rElec  .         Reflect  .     (no cloak)
rCorr  .         Harm     .     (no gloves)
MR     .....                    (no boots)
Stlth  ++........               (no amulet)
                                (no ring)
                                (no ring)

@: no status effects
A: unfitting armour, cold-blooded, AC +5
a: no special abilities


You were on level 3 of the Dungeon.
You were hungry.

You visited 1 branch of the dungeon, and saw 3 of its levels.

You collected 131 gold pieces.

Inventory:

Hand Weapons
 l - a cursed -3 flail (weapon)
Jewellery
 q - an uncursed ring of positive energy {unknown}
Scrolls
 j - 2 scrolls of identify
 k - a scroll of remove curse {unknown}
 m - 2 scrolls of recharging {unknown}
 o - a scroll of immolation {unknown}
 p - a scroll of amnesia
 r - 2 scrolls of enchant armour {unknown}
Potions
 b - 3 potions of curing {unknown}
 d - a potion of ambrosia
 e - a potion of cure mutation {unknown}
 h - a potion of flight {unknown}
 i - a potion of invisibility {unknown}
 t - a potion of heal wounds {unknown}
Books
 a - a book of Frost

   Spells                             Type                      Level
   a - Freeze                         Ice                          1
   b - Throw Frost                    Conjuration/Ice              2
   c - Ozocubu's Armour               Charms/Ice                   3
   d - Throw Icicle                   Conjuration/Ice              4
   e - Summon Ice Beast               Ice/Summoning                4
Comestibles
 c - 2 fruits
 f - a slice of pizza
 g - 3 beef jerkies
 n - a bread ration


   Skills:
 - Level 1.7 Dodging
 - Level 1.7 Stealth
 + Level 4.4 Spellcasting
 - Level 1.0 Conjurations
 + Level 5.0 Ice Magic


You had 10 spell levels left.
You knew the following spells:

 Your Spells              Type           Power        Failure   Level  Hunger
b - Throw Frost           Conj/Ice       ##....       10%         2    ##.....


Dungeon Overview and Level Annotations

Branches:
Dungeon (3/15)

Altars:
Makhleb
Okawaru
Yredelemnul


Innate Abilities, Weirdness & Mutations

Your plain brown scales are hard. (AC +5)
You cannot fit into any form of body armour.
You are cold-blooded and may be slowed by cold attacks.


Message History

You closely miss the iguana.
The iguana is heavily wounded.
The iguana bites you!
You hit the iguana but do no damage.
Your tail-slap misses the iguana.
The iguana is heavily wounded.
The iguana barely misses you. The iguana bites you!
* * * LOW HITPOINT WARNING * * *
Casting: Throw Frost
Confirm with . or Enter, or press ? or * to list all spells.
Aiming: Throw Frost
Press: ? - help, Shift-Dir - straight line, f/p - iguana
Aim: an iguana (heavily wounded)
The puff of frost hits the iguana.
The iguana is severely wounded.
The iguana bites you!
* * * LOW HITPOINT WARNING * * *
You are feeling hungry.
Your magical contamination has completely faded away.
The iguana bites you.
You die...

................# ##..#
##...........##.# ##...##
...#.####.)#.##.####.###.#
####.# #..#.##......# #.# #.#
#..#.##<.###.###.# #.#
#........# ##...## #.#
#.....#..# ###.# #.#
####..#..# #.# #.#
#..#.@######.# #.#
#..#..l......# #.#
#........##########
####.#######.................#
#...............###.########.#
...#...#.###...## #.# #.#
..###†...# ##.## #.# #.#
.........# #.# #.# #.#
#.).).#..# #.# #.# #.#


You could see an iguana.

Vanquished Creatures
  The ghost of ImaNewbie the Chopper, an amateur FoFi (D:3)
  4 gnolls
  5 adders
  An ooze (D:3)
  2 worms
  A dart slug (D:3)
  A leopard gecko (D:1)
  2 orcs (D:3)
  6 bats
  5 giant cockroaches
  11 goblins
  12 hobgoblins
  4 jackals
  7 kobolds
  A quokka (D:3)
  3 frilled lizards
  3 rats
  A spectral orc (D:3)
70 creatures vanquished.

Notes
Turn   | Place    | Note
-------+----------+-------------------------------------------
     0 | D:1      | Minion the Draconian Ice Elementalist began the quest for the Orb.
     0 | D:1      | Reached XP level 1. HP: 14/14 MP: 3/3
   611 | D:1      | Reached XP level 2. HP: 10/20 MP: 0/5
   772 | D:1      | Learned a level 2 spell: Throw Frost
  1102 | D:1      | HP: 1/20 [hobgoblin/club (4)]
  2098 | D:2      | Reached XP level 3. HP: 21/26 MP: 1/7
  2535 | D:2      | Found a burning altar of Makhleb.
  2536 | D:2      | Noticed a balrug
  2600 | D:2      | Reached skill level 4 in Ice Magic
  2723 | D:2      | Reached XP level 4. HP: 22/33 MP: 0/8
  3964 | D:3      | Reached XP level 5. HP: 38/38 MP: 0/10
  4042 | D:3      | Found an iron altar of Okawaru.
  4161 | D:3      | Found a basalt altar of Yredelemnul.
  4235 | D:3      | Noticed ImaNewbie's ghost (amateur FoFi)
  4260 | D:3      | Killed ImaNewbie's ghost
  4482 | D:3      | Reached skill level 5 in Ice Magic
  5037 | D:3      | Noticed an orc warrior
  5147 | D:3      | HP: 1/38 [iguana (9)]
  5155 | D:3      | Slain by an iguana

Skill      XL: |  1  2  3  4  5 |
---------------+----------------+-----
Spellcasting   | 3 4 |  4.4
Ice Magic      | 4 5 |  5.0
Dodging        | |  1.7
Stealth        | |  1.7
Conjurations   | |  1.0

Action                   |  1- 3 |  4- 6 || total
-------------------------+-------+-------++-------
Melee: Unarmed           |    62 |       ||    62
       Tailslap          |     6 |     4 ||    10
       Flail             |    14 |    48 ||    62
 Cast: Freeze            |    11 |       ||    11
       Throw Frost       |    46 |    69 ||   115
  Use: Scroll            |     2 |       ||     2
 Stab: Sleeping          |     1 |       ||     1
  Eat: Chunk             |     3 |     9 ||    12
       Bread ration      |     1 |       ||     1
       Fruit             |     1 |     2 ||     3
Armor: Skin              |    16 |    33 ||    49
Dodge: Dodged            |    56 |    69 ||   125
